 Dungeon Crawl Stone Soup version 0.31-a0-1612-g4aaf141004 (webtiles) character file.

Game seed: 13793871535274220115

5 CraigForest the Changeling (level 1, 0/15 HPs)
             Began as a Formicid Shapeshifter on Jan 9, 2024.
             Slain by a jackal (2 damage)
             ... on level 1 of the Dungeon.
             The game lasted 00:00:25 (39 turns).

CraigForest the Changeling (Formicid Shapeshifter)    Turns: 39, Time: 00:00:26

Health: 0/15       AC:  2    Str: 18    XL:     1   Next: 88%
Magic:  1/1        EV: 12    Int:  9    God:
Gold:   0          SH:  0    Dex: 13    Spells: 0/0 levels left

rFire   . .          .
                       - Unarmed
rCold   . . .        (no shield)
rNeg    . . .        a - +0 animal skin
rPois   .            (helmet unavailable)
rElec   .            (cloak currently unavailable)
rCorr   .            (gloves currently unavailable)
SInv    +            (boots currently unavailable)
Will    .....        (no amulet)
Stlth   +            (no ring)
HPRegen 0.22/turn    (no ring)
MPRegen 0.07/turn

%: no passive effects
@: beast-form
A: beast (slay +1), permanent stasis, dig shafts and tunnels, antennae 3, four
strong arms
a: Dig, Shaft Self, Begin Untransformation


You were on level 1 of the Dungeon.
You were a hulking beast.
You visited 1 branch of the dungeon, and saw 1 of its levels.

Inventory:

Armour
 a - a +0 animal skin (worn)
Talismans
 c - a beast talisman (active)
 d - a flux talisman
Potions
 b - a potion of lignification


   Skills:
 + Level 1.1 Fighting
 + Level 2.0 Dodging
 + Level 3.2 Unarmed Combat
 + Level 3.3 Shapeshifting


You couldn't memorise any spells.
You didn't know any spells.
Your spell library was empty.

Dungeon Overview and Level Annotations

Branches:
Dungeon (1/15)

Altars:


Innate Abilities, Weirdness & Mutations

You are a hulking beast.
Your limbs bulge with bestial killing power. (Slay +1)
You cannot be hasted, slowed, berserked, paralysed or teleported.
You can dig through walls and to a lower floor.
You have a pair of large antennae on your head. (SInv)
Your four strong arms can wield two-handed weapons with a shield.


Message History

The ball python hisses angrily.
The rat squeaks loudly. 2 jackals come into view.
The jackal barks!
The kobold closely misses you.
The jackal barks!
You punch the kobold!
You kill the kobold!
You barely miss the rat. You barely miss the rat. The rat bites you.
The ball python closely misses you. x2
You hit the rat.
You kill the rat!
The ball python bites you. The ball python closely misses you.
You barely miss the jackal. The jackal bites you.
The ball python barely misses you. The ball python closely misses you.
You hit the jackal.
The jackal is moderately wounded.
The jackal closely misses you. The ball python barely misses you.
The ball python grabs you. The ball python constricts you.
The jackal bites you. x2
You are too injured to fight recklessly!
You are too injured to fight recklessly!
You escape the ball python's grasp.
The jackal attacks as it pursues you! The jackal bites you.
* * * LOW HITPOINT WARNING * * *
The jackal closely misses you.
You hit the jackal.
You kill the jackal!
The jackal closely misses you. The jackal misses you.
The jackal attacks as it pursues you! The jackal bites you.
* * * LOW HITPOINT WARNING * * *
You punch the jackal!
You kill the jackal!
The jackal barely misses you.
The jackal bites you but does no damage.
You hit the ball python.
You kill the ball python!
The jackal barely misses you.
Your Dodging skill increases to level 2!
The jackal bites you.
You die...

#.....##..##..#
#..<..'...##..#
#.....##..##..#
########...'..#
########..##..#
..........##..#
........⌠.##..#
#######...#####
#.hh######+##
##...........
##...)......
#..........
#..........
#..........
#######.### ..#
..


You could see a jackal.

Vanquished Creatures
  2 jackals (D:1)
  A kobold (D:1)
  A ball python (D:1)
  A rat (D:1)
5 creatures vanquished.

Notes
Turn   | Place    | Note
-------+----------+-------------------------------------------
     0 | D:1      | CraigForest the Formicid Shapeshifter began the quest for
                  | the Orb.
     0 | D:1      | Reached XP level 1. HP: 15/15 MP: 1/1
    39 | D:1      | Slain by a jackal

Illustrated notes

Levels and vault maps discovered:
D:1:      dpeg_arrival_rooms_a, layout_basic, shapermc_ecumenical_altar_ellora

Skill      XL: |  1 |
---------------+----+-----
Dodging        | 2 |  2.0
Fighting       | |  1.1
Unarmed Combat | |  3.2
Shapeshifting  | |  3.3

Action                     || total
---------------------------++-------
  Melee: Unarmed           ||     9
 Armour: Animal skin       ||    11
  Dodge: Dodged            ||    14
   Form: Beast             ||     1

Table legend: (Time is in decaauts)
 A = Elapsed time spent in this place.
 B = Non-inter-level travel time spent in this place.
 C = Inter-level travel time spent in this place.
 D = Time resting spent in this place.
 E = Time spent auto-exploring this place.
 F = Levels seen in this place.
 G = Mean time per level.
                   A        B        C        D        E       F      G
               +--------+--------+--------+--------+--------+-----+--------+
         Total |     38 |     36 |      2 |      0 |     10 |   1 |   38.0 |
       Dungeon |     38 |     36 |      2 |      0 |     10 |   1 |   38.0 |
               +--------+--------+--------+--------+--------+-----+--------+

Top non-repeatable levels by time:
     D:1: 38 daAuts
